 Dungeon Crawl Stone Soup version 0.30-a0-335-ge5acde7520 (webtiles) character file.

Game seed: 4679698237514120098

32 hikkokomori the Chiller (level 2, -3/20 HPs)
             Began as a Demigod Ice Elementalist on Oct 30, 2022.
             Slain by a kobold
             ... wielding a +0 whip
              (4 damage)
             ... on level 2 of the Dungeon.
             The game lasted 00:01:06 (1224 turns).

hikkokomori the Chiller (Demigod Ice Elementalist)  Turns: 1224, Time: 00:01:06

Health: -3/20      AC:  2    Str:  9    XL:     2   Next: 96%
Magic:  2/7        EV: 12    Int: 17    God:
Gold:   67         SH:  0    Dex: 14    Spells: 4/5 levels left

rFire   . . .      SeeInvis .    (no weapon)
rCold   . . .      Faith    .    (no shield)
rNeg    . . .      Spirit   .    a - +0 robe
rPois   .          Reflect  .    (no helmet)
rElec   .          Harm     .    (no cloak)
rCorr   .          Rampage  .    (no gloves)
Will    .....                    (no boots)
Stlth   ++........               (no amulet)
HPRegen 0.23/turn                (no ring)
MPRegen 0.10/turn                (no ring)

@: mighty
A: high MP 1, forlorn, divine attributes
a: no special abilities


You were on level 2 of the Dungeon.
You visited 1 branch of the dungeon, and saw 2 of its levels.

You collected 67 gold pieces.

Inventory:

Armour
 a - a +0 robe (worn)
Jewellery
 j - a ring of protection from fire
 k - a +6 ring of dexterity
 m - a ring of ice
Scrolls
 d - a scroll of noise {unknown}
 f - 2 scrolls of fear {unknown}
 g - 2 scrolls of identify {unknown}
 l - a scroll of butterflies {unknown}
 n - a scroll of magic mapping {unknown}
Potions
 b - a potion of magic
 c - a potion of mutation {unknown}
 e - a potion of invisibility {unknown}
 i - a potion of might


   Skills:
 + Level 2.2 Dodging
 + Level 2.2 Stealth
 + Level 2.1 Spellcasting
 + Level 3.8 Ice Magic


You had 4 spell levels left.
You knew the following spells:

 Your Spells              Type           Power      Damage    Failure   Level
a - Freeze                Ice            56%        1d7       4%          1

Your spell library contained the following spells:

 Spells                   Type           Power      Damage    Failure   Level
 Frozen Ramparts          Ice            28%        1d5       12%         3
 Ozocubu's Armour         Ice            14%        N/A       12%         3
 Summon Ice Beast         Ice/Summ       8%         N/A       65%         4


Dungeon Overview and Level Annotations

Branches:
Dungeon (2/15)


Innate Abilities, Weirdness & Mutations

You have an increased reservoir of magic. (+10% MP)
You shall have no god before yourself.
Your divine heritage dramatically boosts your attributes as you level up.


Message History

The adder is moderately wounded.
The adder misses you. The adder barely misses you.
You freeze the adder.
The adder is heavily wounded.
The adder bites you.
You are poisoned.
The adder poisons you! The kobold barely misses you.
You freeze the adder.
The adder is almost dead.
The adder seems to slow down.
You feel sick. The giant cockroach bites you. The adder bites you.
The kobold misses you.
You freeze the adder.
You kill the adder!
You feel sick. The giant cockroach closely misses you.
The kobold hits you with a +0 whip.
You freeze the dart slug.
The dart slug is heavily wounded.
You feel sick.
The giant cockroach waves its antennae.
The giant cockroach barely misses you. The kobold closely misses you.
Unknown command.
You hit the dart slug but do no damage.
The dart slug is heavily wounded.
You feel sick. The giant cockroach bites you. The dart slug bites you.
* * * LOW HITPOINT WARNING * * *
The kobold hits you with a +0 whip.
* * * LOW HITPOINT WARNING * * *
The giant cockroach misses you.
You are too injured to fight recklessly!
You are too injured to fight recklessly!
It was a potion of might.
You feel very mighty all of a sudden.
* * * LOW HITPOINT WARNING * * *
You feel sick. The dart slug barely misses you.
The giant cockroach closely misses you. The kobold barely misses you.
It was a potion of curing.
You feel better. The giant cockroach bites you. The worm bites you!
* * * LOW HITPOINT WARNING * * *
The kobold hits you with a +0 whip.
You die...

#.# ...#.##..###
#..##..#........
#..............
...##.............
#....<<..........
###.........$....
##.............
##....w..###..#
.......B@w# .
#.#....K........
...#..?....###.##
## #..#.##..
#..##.# ... ....
.. .... #.. ##.
..... ......


You could see a worm, a dart slug, a giant cockroach and a kobold.

Vanquished Creatures
  An adder (D:2)
  A ball python (D:1)
  3 bats (D:1)
  7 endoplasms (D:1)
  2 goblins (D:1)
  3 hobgoblins
  2 rats (D:1)
19 creatures vanquished.

Notes
Turn   | Place    | Note
-------+----------+-------------------------------------------
     0 | D:1      | hikkokomori the Demigod Ice Elementalist began the quest
                  | for the Orb.
     0 | D:1      | Reached XP level 1. HP: 14/14 MP: 5/5
   437 | D:1      | Reached XP level 2. HP: 15/20 MP: 0/7
  1222 | D:2      | HP: 1/20 [kobold/+0 whip (5)]
  1224 | D:2      | Slain by a kobold

Illustrated notes

Levels and vault maps discovered:
D:1:      zaba_arrival_water, layout_loops_corners, minmay_pentomino_s2
D:2:      layout_rooms, minmay_misc_feat_cross, nrook_mini_vaults,
          kennysheep_cross_bottleneck, uniq_natasha

Skill      XL: |  1 |
---------------+----+-----
Dodging        | 2 |  2.2
Stealth        | 2 |  2.2
Spellcasting   | 2 |  2.1
Ice Magic      | |  3.8

Action                   || total
-------------------------++-------
Melee: Unarmed           ||    26
       Punch             ||     1
 Cast: Freeze            ||    37
  Use: Potion            ||     2
Armor: Robe              ||    13
Dodge: Dodged            ||    51

Table legend: (Time is in decaauts)
 A = Elapsed time spent in this place.
 B = Non-inter-level travel time spent in this place.
 C = Inter-level travel time spent in this place.
 D = Time resting spent in this place.
 E = Time spent auto-exploring this place.
 F = Levels seen in this place.
 G = Mean time per level.
                   A        B        C        D        E       F      G
               +--------+--------+--------+--------+--------+-----+--------+
         Total |   1230 |   1209 |     21 |     64 |    992 |   2 |  615.0 |
       Dungeon |   1230 |   1209 |     21 |     64 |    992 |   2 |  615.0 |
               +--------+--------+--------+--------+--------+-----+--------+

Top non-repeatable levels by time:
     D:1: 1213 daAuts
     D:2: 16 daAuts
